Map: Cyber Forest LE

Players

Vangelis - Winner!

  • Race: Terran Terran
  • Spawn Location: 11:00

Seph

  • Race: Protoss Protoss
  • League: Bronze
  • Spawn Location: 5:00

VOD

Have the link to the VOD?

Description

Time

  • Played on: Feb. 15, 2019, 11:10 p.m.
  • Length: 14:36
Show
View Real Time Build Order
Export as new Build Order

Vangelis Terran - Winner!

Build Orders:  

Get SALT Encoding   

  12  0:01  SCV  
  13  0:20  SCV  
  14  0:24  Supply Depot  
  14  0:32  SCV  
  15  0:46  SCV  
  15  0:49  Barracks  
  16  0:55  Refinery  
  16  0:58  SCV  
  17  1:10  SCV  
  18  1:22  SCV  
  18  1:23  Refinery  
  19  1:33  Supply Depot  
  19  1:34  SCV  
  20  1:42  Reaper  
  20  1:46  Refinery  
  21  2:05  SCV  
  21  2:12  Barracks  
  21  2:14  Reaper  
  22  2:17  SCV  
  22  2:19  Command Center  
  23  2:29  SCV  
  24  2:41  SCV, Supply Depot  
  25  2:56  Factory  
  25  2:59  Engineering Bay  
  25  3:00  SCV  
  26  3:13  SCV  
  27  3:26  SCV  
  28  4:01  Factory Tech Lab  
  26  4:25  SCV  
  26  4:28  Siege Tank  
  30  4:32  Marine x2  
  30  4:33  Factory  
  30  4:37  SCV  
  33  4:39  Orbital Command  
  33  4:42  Bunker  
  33  4:49  SCV  
  33  4:50  Marine x2  
  36  5:00  Siege Tank  
  36  5:01  SCV  
  40  5:12  Sensor Tower  
  40  5:16  SCV  
  40  5:18  Factory Tech Lab  
  41  5:21  Armory  
  41  5:23  SCV  
  41  5:24  Barracks Tech Lab x2  
  41  5:26  Barracks Reactor  
  41  5:27  Barracks Reactor  
  43  5:28  SCV  
  43  5:32  Siege Tank  
  46  5:36  SCV  
  46  5:38  Refinery  
  46  5:40  Refinery, SCV  
  48  5:48  SCV  
  48  5:49  Siege Tank  
  52  5:52  SCV  
  53  6:00  SCV  
  54  6:17  Supply Depot x2  
  54  6:38  Thor x2, SCV  
  67  6:40  Supply Depot  
  67  6:43  Supply Depot  
  67  6:50  SCV  
  68  7:00  Missile Turret x2  
  66  7:02  Supply Depot  
  66  7:06  Supply Depot  
  58  7:21  SCV  
  59  7:24  Missile Turret  
  59  7:26  Missile Turret  
  59  7:27  Neosteel Armor  
  59  7:29  Thor x2  
  71  7:49  Terran Vehicle Weapons Level 1  
  71  7:50  Marine  
  71  7:51  Marine x3  
  74  7:54  Barracks  
  74  7:56  Missile Turret  
  75  8:03  Missile Turret  
  72  8:06  Missile Turret  
  69  8:16  Missile Turret  
  69  8:27  Missile Turret  
  69  8:32  Missile Turret  
  69  8:35  Marine x4  
  69  8:36  Missile Turret  
  69  8:38  Siege Tank x2  
  79  8:47  Missile Turret, SCV  
  78  8:59  SCV  
  78  9:12  Starport  
  78  9:17  Barracks Tech Lab, Starport  
  78  9:21  Siege Tank x2  
  84  9:26  Marine x4  
  64  10:35  Thor x2  
  73  10:37  Viking  
  73  10:38  Viking  
  73  10:40  Marine x4  
  75  10:45  Supply Depot x2  
  75  10:58  Marine x3  
  78  11:06  Stimpack  
  78  11:07  Command Center, Viking  
  78  11:08  Viking  
  82  11:17  Thor  
  82  11:18  Thor  
  94  11:22  Missile Turret x2  
  90  11:40  Viking x2  
  94  12:05  Marine x4  
  98  12:10  Viking x2  
  102  12:35  Marine x2  
  102  12:36  Marine x2  
  106  12:40  Viking x2  
  110  12:48  Thor x2  
  110  12:49  Smart Servos  
  88  13:09  Viking  
  87  13:31  Thor x2  
  99  13:46  Marine x4  
  103  13:57  Refinery  
  103  13:59  Refinery  
  103  14:00  Fusion Core  
  103  14:04  Marine x3  
Show
View Real Time Build Order
Export as new Build Order

Seph Protoss 

Build Orders:  

Get SALT Encoding   

  12  0:12  Probe  
  12  0:13  Pylon  
  12  0:20  Probe  
  14  0:31  Probe  
  15  0:43  Probe  
  15  0:47  Gateway  
  16  0:58  Probe  
  17  1:06  Gateway  
  17  1:10  Assimilator  
  17  1:18  Forge  
  17  1:25  Pylon  
  17  1:27  Pylon  
  17  1:31  Probe  
  17  1:39  Probe  
  18  1:40  Zealot  
  21  1:55  Zealot  
  21  1:57  Probe  
  24  2:05  Probe  
  24  2:09  Zealot  
  27  2:19  Assimilator  
  27  2:23  Zealot  
  27  2:25  Cybernetics Core  
  29  2:36  Probe  
  30  2:46  Zealot  
  30  2:49  Probe  
  30  2:50  Zealot  
  35  2:55  Warp Gate  
  35  2:56  Protoss Ground Weapons Level 1  
  35  3:01  Probe  
  35  3:05  Zealot  
  36  3:13  Probe  
  39  3:26  Pylon  
  38  3:46  Stalker  
  40  3:50  Stalker  
  40  4:20  Stalker  
  40  4:31  Stalker  
  42  4:50  Stalker  
  44  4:55  Stalker  
  44  5:01  Nexus  
  44  5:04  Stargate  
  46  5:07  Stargate  
  46  5:22  Pylon  
  46  5:25  Pylon  
  46  5:40  Stargate  
  46  5:44  Probe  
  47  5:52  Assimilator  
  47  5:54  Assimilator  
  47  5:56  Probe  
  48  6:01  Photon Cannon  
  48  6:07  Oracle  
  51  6:23  Photon Cannon  
  51  6:25  Shield Battery  
  51  6:27  Probe  
  52  6:39  Probe  
  53  6:40  Oracle  
  53  6:51  Probe  
  57  7:03  Probe  
  54  7:15  Probe  
  49  7:52  Probe  
  49  7:55  Probe  
  51  8:04  Probe  
  52  8:07  Probe  
  53  8:16  Probe  
  53  8:19  Void Ray, Probe  
  59  8:20  Void Ray  
  59  8:21  Void Ray  
  67  8:28  Probe  
  67  8:32  Probe  
  69  8:40  Probe  
  70  8:44  Probe  
  71  9:00  Nexus  
  71  9:01  Assimilator  
  71  9:02  Void Ray, Assimilator  
  75  9:20  Pylon  
  75  9:21  Pylon  
  75  9:24  Pylon  
  75  9:33  Pylon  
  75  9:34  Pylon  
  75  9:38  Void Ray  
  79  9:40  Pylon  
  71  10:24  Void Ray x3  
  79  10:41  Probe  
  79  10:49  Probe  
  81  11:02  Void Ray  
  78  11:18  Void Ray  
  78  11:20  Void Ray  
  83  11:39  Void Ray  
  83  11:55  Protoss Air Weapons Level 1  
  83  12:01  Void Ray  
  87  12:13  Stargate x2  
  87  12:21  Probe  
  88  12:33  Probe  
  89  12:37  Cybernetics Core  
  89  12:45  Probe  
  90  12:57  Probe  
  69  13:07  Void Ray x2  
  69  13:08  Void Ray  
  69  13:09  Void Ray, Probe  
  62  13:17  Void Ray  
  54  13:50  Void Ray  
Tags
 
League
Bronze
Matchup
PvT
Spawn Locations
Cross Positions
Add a new tag
Caveats
  • Supply blocks, unpowered buildings, or Contaminate may cause inaccurate times.
  • Supply counts are checked every 10 seconds.